 Dungeon Crawl Stone Soup version 0.28.0-53-g5a82cb258f (webtiles) character file.

Game seed: 11113438193056606036

2279 Plasmagod the Protected (level 9, -1/78 HPs)
             Began as a Minotaur Fighter on July 18, 2022.
             Was a Priest of Wu Jian.
             Slain by Harold
             ... wielding a +0 mace
              (8 damage)
             ... on level 7 of the Dungeon.
             The game lasted 00:10:40 (6208 turns).

Plasmagod the Protected (Minotaur Fighter)          Turns: 6208, Time: 00:10:40

Health: -1/78      AC: 16    Str: 23    XL:     9   Next: 16%
Magic:  8/8        EV:  7    Int:  5    God:    Wu Jian [***...]
Gold:   357        SH:  5    Dex: 12    Spells: 8/8 levels left

rFire   . . .      SeeInvis .   x - +4 dagger (speed)
rCold   . . .      Faith    .   c - +0 buckler
rNeg    . . .      Spirit   .   A - +0 plate armour
rPois   .          Reflect  .   (helmet restricted)
rElec   .          Harm     .   (no cloak)
rCorr   .          Rampage  .   e - +0 pair of gloves
Will    .....                   n - +0 pair of boots {Stlth+}
Stlth   ..........              (no amulet)
HPRegen 0.23/turn               (no ring)
MPRegen 0.11/turn               (no ring)

@: marked
A: horns 2, retaliatory headbutt
a: Renounce Religion, Wall Jump, Serpent's Lash


You were on level 7 of the Dungeon.
You worshipped Wu Jian.
Wu Jian was most pleased with you.
You visited 2 branches of the dungeon, and saw 8 of its levels.

You collected 357 gold pieces.

Inventory:

Hand Weapons
 a - a +0 war axe
 x - a +4 dagger of speed (weapon)
Armour
 c - a +0 buckler (worn)
 e - a +0 pair of gloves (worn)
 n - a +0 pair of boots of stealth (worn)
 A - a +0 plate armour (worn)
Jewellery
 r - a +6 ring of intelligence
 D - a +6 ring of intelligence
Wands
 b - a wand of paralysis (2)
 w - a wand of charming (3)
 B - a wand of flame (19)
Scrolls
 i - a scroll of vulnerability {unknown}
 j - 2 scrolls of amnesia
 k - 2 scrolls of teleportation
 m - a scroll of holy word {unknown}
 o - a scroll of fear {unknown}
 q - a scroll of torment {unknown}
 s - a scroll of fog {unknown}
 t - a scroll of noise {unknown}
 u - a scroll of acquirement {unknown}
 v - a scroll of enchant armour {unknown}
 y - a scroll of immolation {unknown}
 E - a scroll of summoning {unknown}
 F - a scroll of brand weapon {unknown}
 H - a scroll of enchant weapon {unknown}
Potions
 d - a potion of might
 f - 2 potions of flight {unknown}
 g - 3 potions of lignification
 h - a potion of mutation {unknown}
 l - 3 potions of attraction {unknown}
 p - a potion of berserk rage {unknown}
 z - 3 potions of heal wounds {unknown}
 C - 2 potions of ambrosia {unknown}
 G - a potion of invisibility {unknown}


   Skills:
 + Level 6.8 Fighting
 + Level 4.9 Short Blades
 + Level 6.8 Axes
 + Level 8.6 Armour
 + Level 2.6 Dodging
 + Level 0.6 Stealth
 + Level 7.0 Shields


You had 8 spell levels left.
You didn't know any spells.
Your spell library contained the following spells:

 Spells                   Type           Power      Damage    Failure   Level
 Sublimation of Blood     Necr           0%         N/A       100%        2
 Portal Projectile        Hex/Tloc       0%         N/A       100%        3
 Petrify                  Tmut/Erth      0%         N/A       100%        4
 Blade Hands              Tmut           0%         N/A       100%        5
 Excruciating Wounds      Necr           0%         N/A       100%        5
 Irradiate                Conj/Tmut      0%         3d13      100%        5


Dungeon Overview and Level Annotations

Branches:
Dungeon (7/15)             Temple (1/1) D:6

Altars:
Ashenzari
Cheibriados
Dithmenos
Elyvilon
Fedhas
Gozag
Hepliaklqana
Makhleb
Nemelex Xobeh
Okawaru
Qazlal
Ru
Sif Muna
Trog
Uskayaw
Wu Jian
Xom
Yredelemnul

Annotations:
D:6 3 runed translucent doors, Atelerd's ghost, novice OpEE
D:7 Harold


Innate Abilities, Weirdness & Mutations

You have a pair of horns on your head.
You reflexively headbutt those who attack you in melee.


Message History

Harold hits you but does no damage.
You hit Harold but do no damage. You headbutt Harold.
Harold is moderately wounded.
You hit Harold.
Harold is moderately wounded.
Harold closely misses you. You furiously retaliate!
You headbutt Harold. You hit Harold but do no damage.
Harold is moderately wounded.
Harold hits you with a +0 mace!
You are too injured to fight recklessly!
You are too injured to fight recklessly!
You barely miss Harold.
Harold is moderately wounded.
You hit Harold. You headbutt Harold!
Harold is heavily wounded.
Harold hits you with a +0 mace!
* * * LOW HITPOINT WARNING * * *
You hit Harold but do no damage.
Harold is heavily wounded.
You barely miss Harold.
Harold is heavily wounded.
You block Harold's attack.
You barely miss Harold. Your headbutt misses Harold.
Harold is heavily wounded.
You hit Harold.
Harold is heavily wounded.
Harold hits you with a +0 mace.
* * * LOW HITPOINT WARNING * * *
You hit Harold. You headbutt Harold.
Harold is heavily wounded.
You hit Harold.
Harold is severely wounded.
Harold hits you with a +0 mace!
* * * LOW HITPOINT WARNING * * *
You hit Harold but do no damage. Your headbutt misses Harold.
Harold is severely wounded.
You closely miss Harold.
Harold is severely wounded.
Harold hits you with a +0 mace!
You die...

.....# .....# ######
.....# .....# .....#
####### .....# ......#
.....############@......
................@#
.................#
.................#
.................+
.................#
.................#
.......######+##...
.......# #..... .......#
.......


You could see Harold.

Vanquished Creatures
  Pikel (D:7)
  Prince Ribbit (D:5)
  Sigmund (D:3)
  Duvessa (D:6)
  The ghost of Terracrafty the Sneak, an amateur SpEn (D:4)
  An ice beast (D:5)
  An ogre (D:6)
  2 necrophages (D:6)
  A centaur (D:6)
  A kobold brigand (D:6)
  2 water moccasin zombies (D:6)
  A scorpion (D:7)
  A water moccasin skeleton (D:5)
  Dowan (D:6)
  3 howler monkeys (D:7)
  A jelly (D:6)
  3 bullfrog zombies (D:5)
  A crimson imp (D:6)
  A centaur skeleton (D:5)
  A hound skeleton (D:4)
  5 adders
  2 howler monkey skeletons
  A shadow imp (D:5)
  A white imp (D:6)
  2 ufetubi
  A worm (D:4)
  3 dart slugs
  8 orcs
  4 endoplasms
  6 giant cockroaches
  6 hobgoblins
  3 jackals (D:2)
  19 kobolds
  3 quokkas
  5 ball pythons
  9 bats
  3 frilled lizards
  5 goblins
  A quokka skeleton (D:4)
  7 rats
120 creatures vanquished.

Vanquished Creatures (others)
  5 dream sheep (D:6)
  2 fungi
  3 plants (D:7)
10 creatures vanquished.

Grand Total: 130 creatures vanquished

Notes
Turn   | Place    | Note
-------+----------+-------------------------------------------
     0 | D:1      | Plasmagod the Minotaur Fighter began the quest for the Orb.
     0 | D:1      | Reached XP level 1. HP: 19/19 MP: 0/0
    57 | D:1      | Reached XP level 2. HP: 14/27 MP: 1/1
   409 | D:1      | Found a faded altar of an unknown god.
   418 | D:1      | Prayed at the altar of an unknown god.
   418 | D:1      | Became a worshipper of the Wu Jian Council
   418 | D:1      | Reached * piety under Wu Jian
   502 | D:1      | Reached skill level 4 in Armour
   502 | D:1      | Reached XP level 3. HP: 30/32 MP: 2/2
  1472 | D:3      | Noticed Sigmund
  1818 | D:3      | Reached XP level 4. HP: 38/40 MP: 3/3
  1874 | D:3      | Killed Sigmund
  1875 | D:3      | Reached skill level 5 in Axes
  1875 | D:3      | Reached skill level 1 in Dodging
  1875 | D:3      | Reached XP level 5. HP: 24/47 MP: 4/4
  2035 | D:3      | Found a hide-covered altar of Uskayaw.
  2057 | D:3      | Reached ** piety under Wu Jian
  2299 | D:3      | Found a hazy altar of Hepliaklqana.
  2522 | D:4      | Found a blossoming altar of Fedhas.
  2587 | D:4      | Reached XP level 6. HP: 53/53 MP: 5/5
  2827 | D:4      | Found a runed translucent door.
  2827 | D:4      | Noticed Terracrafty's ghost (amateur SpEn)
  2840 | D:4      | Killed Terracrafty's ghost
  2841 | D:4      | Reached skill level 5 in Armour
  3258 | D:5      | Entered Level 5 of the Dungeon
  3329 | D:5      | Reached skill level 5 in Fighting
  3376 | D:5      | Found a basalt altar of Yredelemnul.
  3429 | D:5      | Reached XP level 7. HP: 60/61 MP: 6/6
  3580 | D:5      | Reached skill level 6 in Armour
  3711 | D:5      | Noticed Prince Ribbit
  3723 | D:5      | Killed Prince Ribbit
  3723 | D:5      | Reached *** piety under Wu Jian
  3724 | D:5      | Reached skill level 1 in Short Blades
  3724 | D:5      | Reached skill level 5 in Shields
  4195 | D:6      | Reached XP level 8. HP: 70/70 MP: 7/7
  4491 | D:6      | Found an iron altar of Okawaru.
  4540 | D:6      | Noticed Duvessa
  4541 | D:6      | Noticed Dowan
  4575 | D:6      | Killed Duvessa
  4588 | D:6      | Killed Dowan
  4769 | D:6      | Found a burning altar of Makhleb.
  4771 | D:6      | Found a snail-covered altar of Cheibriados.
  4799 | D:6      | Found a staircase to the Ecumenical Temple.
  4804 | Temple   | Entered the Ecumenical Temple
  5032 | D:6      | Noticed Atelerd's ghost (novice OpEE)
  5044 | D:6      | Reached skill level 7 in Armour
  5098 | D:6      | Found a runed translucent gate.
  5099 | D:6      | Found a runed translucent gate.
  5099 | D:6      | Found a runed translucent gate.
  5109 | D:6      | Noticed a dream sheep
  5109 | D:6      | Noticed a dream sheep
  5109 | D:6      | Noticed a dream sheep
  5109 | D:6      | Noticed a dream sheep
  5109 | D:6      | Noticed a dream sheep
  5109 | D:6      | Found a shimmering altar of Xom.
  5114 | D:6      | Killed a dream sheep
  5114 | D:6      | Killed a dream sheep
  5114 | D:6      | Killed a dream sheep
  5116 | D:6      | Killed a dream sheep
  5116 | D:6      | Killed a dream sheep
  5658 | D:7      | Noticed Pikel
  5686 | D:7      | Killed Pikel
  5687 | D:7      | Reached skill level 8 in Armour
  5687 | D:7      | Reached XP level 9. HP: 28/78 MP: 8/8
  6154 | D:7      | Found a broken altar of Ashenzari.
  6177 | D:7      | Noticed Harold
  6208 | D:7      | Slain by Harold

Illustrated notes

Levels and vault maps discovered:
D:1:      psy_arrival_dodecagon, layout_rooms,
          hellmonk_ecumenical_altar_prayer_group
D:2:      layout_basic
D:3:      layout_rooms, nzn_hepliaklqana_mist_gate,
          mainiacjoe_overflow_boulevard, portal_sewer_entry_d, uniq_sigmund
D:4:      layout_loops_ring, fedhas_ov_isle_minmay, gammafunk_ghost_grave,
          minmay_distorted
D:5:      layout_loops_ring, mainiacjoe_overflow_surrounded_room,
          kennysheep_big_empty_room, uniq_prince_ribbit1
D:6:      layout_cave_pools, okawaru_ov_weapons_minmay, kb_xom_exploding_sheep,
          mainiacjoe_overflow_divided_tiny, temple_doors_e,
          gammafunk_ghost_split, minmay_fire_ice_demons, uniq_duvessa
D:7:      layout_gridville, grunt_ashenzari_visionary
          [grunt_ashenzari_visionary_swamp, grunt_ashenzari_visionary_spider],
          tso_oasis_becter, uniq_harold, uniq_pikel
Temple:   jpeg_temple_island

Skill      XL: |  1  2  3  4  5  6  7  8  9 |
---------------+----------------------------+-----
Shields        | 4 5 6 7 |  7.0
Fighting       | 4 5 6 |  6.8
Armour         | 4 5 6 8 |  8.6
Axes           | 3 5 6 |  6.8
Dodging        | 1 2 |  2.6
Short Blades   | 1 4 |  4.9
Stealth        | |  0.6

Action                   |  1- 3 |  4- 6 |  7- 9 || total
-------------------------+-------+-------+-------++-------
Melee: War axe           |   105 |    59 |       ||   164
       Headbutt          |    14 |    16 |    56 ||    86
       Dagger            |       |    18 |   251 ||   269
Invok: Lunge             |     7 |     9 |     9 ||    25
  Use: Scroll            |       |     3 |       ||     3
Armor: Scale mail        |    76 |    26 |    23 ||   125
       Plate armour      |       |       |    76 ||    76
Dodge: Dodged            |    45 |    26 |    56 ||   127
Block: Buckler           |    19 |    11 |    40 ||    70
